 Dungeon Crawl Stone Soup version 0.27-a0-1202-ge72e49191c (webtiles) character file.

Game seed: 16804990769693576106

122 funkygono the Firebug (level 5, -1/28 HPs)
             Began as a Gargoyle Fire Elementalist on June 2, 2021.
             Slain by a gnoll
             ... wielding a +0 whip
              (5 damage)
             ... on level 3 of the Dungeon.
             The game lasted 00:04:05 (2488 turns).

funkygono the Firebug (Gargoyle Fire Elementalist)  Turns: 2488, Time: 00:04:06

Health: -1/28      AC:  8    Str: 11    XL:     5   Next: 6%
Magic:  0/9        EV: 12    Int: 17    God:
Gold:   130        SH:  0    Dex: 10    Spells: 3/10 levels left

rFire    . . .     SeeInvis .   d - +2 whip
rCold    . . .     Faith    .   (no shield)
rNeg     + . .     Spirit   .   a - +0 robe
rPois    ∞         Reflect  .   j - +1 hat
rElec    +         Harm     .   e - +0 cloak
rCorr    .         Rampage  .   (no gloves)
Will     .....                  (no boots)
Stlth    ++........             (no amulet)
HPRegen  0.09/turn              (no ring)
MPRegen  0.11/turn              (no ring)

@: no status effects
A: sickness immunity, AC +4, negative energy resistance 1, electricity
resistance, torment resistance 1, petrification resistance
a: no special abilities


You were on level 3 of the Dungeon.
You visited 1 branch of the dungeon, and saw 3 of its levels.

You collected 130 gold pieces.

Inventory:

Hand Weapons
 d - a +2 whip (weapon)
Missiles
 c - 117 stones
Armour
 a - a +0 robe (worn)
 e - a +0 cloak (worn)
 f - a +0 leather armour
 j - a +1 hat (worn)
Potions
 b - a potion of might
 k - a potion of flight


   Skills:
 + Level 0.2 Fighting
 + Level 0.2 Maces & Flails
 + Level 2.0 Dodging
 - Level 2.1 Stealth
 * Level 3.1 Spellcasting
 * Level 1.7 Conjurations
 * Level 4.3 Fire Magic


You had 3 spell levels left.
You knew the following spells:

 Your Spells              Type           Power      Damage    Failure   Level
a - Foxfire               Conj/Fire      48%        2x1d6     4%          1
b - Conjure Flame         Conj/Fire      12%        6-21      16%         3
c - Inner Flame           Hex/Fire       9%         N/A       22%         3

Your spell library contained the following spells:

 Spells                   Type           Power      Damage    Failure   Level
 Sticky Flame             Conj/Fire      12%        2d4       45%         4
 Fireball                 Conj/Fire      6%         3d5       80%         5


Dungeon Overview and Level Annotations

Branches:
Dungeon (3/15)

Altars:


Innate Abilities, Weirdness & Mutations

You are immune to sickness and miasma.
Your stone body is resilient. (AC +4)
You are immune to poison.
You resist negative energy. (rN+)
You are resistant to electric shocks. (rElec)
You are resistant to unholy torment.
You are immune to petrification.


Message History

The gnoll hits you with a +0 flail.
You hit the gnoll.
The gnoll is almost dead.
The gnoll barely misses you.
You barely miss the gnoll.
The gnoll is almost dead.
The gnoll barely misses you. The gnoll misses you.
The gnoll hits you with a +0 whip.
You hit the gnoll.
You kill the gnoll!
The gnoll misses you.
You have reached level 5!
You closely miss the gnoll. The gnoll barely misses you.
You barely miss the gnoll. The gnoll hits you but does no damage.
You barely miss the gnoll. The gnoll hits you with a +0 whip.
You hit the gnoll.
The gnoll is lightly wounded.
The gnoll hits you with a +0 whip.
You barely miss the gnoll.
The gnoll is lightly wounded.
The gnoll hits you with a +0 whip.
* * * LOW HITPOINT WARNING * * *
You hit the gnoll.
The gnoll is moderately wounded.
The gnoll hits you but does no damage.
Casting: Foxfire (safe; 4% risk of failure)
Confirm with . or Enter, or press ? or * to list all spells.
You conjure some foxfire!
The gnoll hits you with a +0 whip.
* * * LOW HITPOINT WARNING * * *
You barely miss the gnoll.
The gnoll is moderately wounded.
The foxfire hits the gnoll but does no damage.
The gnoll is moderately wounded.
The foxfire hits the gnoll.
The gnoll is severely wounded.
The gnoll misses you.
Casting: Foxfire (safe; 4% risk of failure)
Confirm with . or Enter, or press ? or * to list all spells.
You conjure some foxfire!
The gnoll hits you with a +0 whip.
You die...

###'#### #............
#......####.....######
#...............#
#...†...###....)#
#.........#.....#
#......#........#
#......#<..#....#
###......#.#..v.#
#........#.@v.#
#.....####.g..#
#.....# #....# ####...
+....# #########....#
.......).....#
...^..)......#
....).....####
......)...#


You could see a gnoll (ally target).

Vanquished Creatures
  Jessica (D:2)
  3 gnolls (D:3)
  An adder (D:3)
  A worm (D:3)
  2 dart slugs
  4 endoplasms
  5 giant cockroaches (D:1)
  4 goblins
  5 hobgoblins
  5 jackals (D:1)
  2 quokkas (D:1)
  A ball python (D:1)
  4 bats
  5 frilled lizards
  4 kobolds
  4 rats
51 creatures vanquished.

Vanquished Creatures (collateral kills)
  A foxfire (D:1)
1 creature vanquished.

Vanquished Creatures (others)
  146 foxfires
146 creatures vanquished.

Grand Total: 198 creatures vanquished

Notes
Turn   | Place    | Note
-------+----------+-------------------------------------------
     0 | D:1      | funkygono the Gargoyle Fire Elementalist began the quest
                  | for the Orb.
     0 | D:1      | Reached XP level 1. HP: 10/10 MP: 3/3
   226 | D:1      | Reached XP level 2. HP: 10/15 MP: 0/5
  1008 | D:1      | Reached XP level 3. HP: 19/19 MP: 4/6
  1027 | D:1      | Learned a level 3 spell: Conjure Flame
  1168 | D:1      | Reached skill level 4 in Fire Magic
  1797 | D:2      | Noticed Jessica
  1801 | D:2      | Killed Jessica
  1802 | D:2      | Reached XP level 4. HP: 24/24 MP: 3/7
  2122 | D:2      | Learned a level 3 spell: Inner Flame
  2475 | D:3      | Reached XP level 5. HP: 19/28 MP: 0/9
  2488 | D:3      | Slain by a gnoll

Illustrated notes

Levels and vault maps discovered:
D:1:      dpeg_arrival_arbitrary_c, layout_basic, serial_forest,
          infiniplex_forest_side_room, infiniplex_forest_straight_3,
          infiniplex_forest_clump_diagonal, infiniplex_forest_zigzag_2,
          infiniplex_forest_clump_medium, infiniplex_forest_lined_2,
          infiniplex_forest_pool, infiniplex_forest_clump_tiny,
          hangedman_abyss_or_decor_lesser_grid, chequers_mini_garden,
          minmay_worlds_worst_comb
D:2:      layout_basic, minmay_crystal_water, kennysheep_pointless_box,
          uniq_jessica
D:3:      layout_basic, nicolae_overflow_hidden_temple

Skill      XL: |  1  2  3  4 |
---------------+-------------+-----
Fire Magic     | 4 |  4.3
Dodging        | 2 |  2.0
Spellcasting   | 3 |  3.1
Fighting       | |  0.2
Maces & Flails | |  0.2
Stealth        | |  2.1
Conjurations   | |  1.7

Action                   |  1- 3 |  4- 6 || total
-------------------------+-------+-------++-------
Melee: Unarmed           |     1 |       ||     1
       Whip              |    13 |    13 ||    26
       Club              |     4 |       ||     4
 Cast: Foxfire           |    52 |    32 ||    84
  Use: Scroll            |     1 |     6 ||     7
Armor: Robe              |    18 |     4 ||    22
Dodge: Dodged            |    31 |     7 ||    38

Table legend: (Time is in decaauts)
 A = Elapsed time spent in this place.
 B = Non-inter-level travel time spent in this place.
 C = Inter-level travel time spent in this place.
 D = Time resting spent in this place.
 E = Time spent auto-exploring this place.
 F = Levels seen in this place.
 G = Mean time per level.
                   A        B        C        D        E       F      G
               +--------+--------+--------+--------+--------+-----+--------+
         Total |   2490 |   2465 |     25 |      0 |   2076 |   3 |  830.0 |
       Dungeon |   2490 |   2465 |     25 |      0 |   2076 |   3 |  830.0 |
               +--------+--------+--------+--------+--------+-----+--------+

Top non-repeatable levels by time:
     D:1: 1486 daAuts
     D:2: 645 daAuts
     D:3: 357 daAuts
